 Dungeon Crawl Stone Soup version 0.29-a0-43-g62a80824bf (webtiles) character file.

Game seed: 13600567181921405879

4217 funkygono the Thaumaturge (level 10, -3/51 HPs)
             Began as a Gargoyle Fire Elementalist on Feb 2, 2022.
             Was a Follower of Vehumet.
             Slain by a yak (6 damage)
             ... on level 10 of the Dungeon.
             The game lasted 00:17:27 (10552 turns).

funkygono the Thaumaturge (GrFE)                   Turns: 10552, Time: 00:17:28

Health: -3/51      AC: 13    Str: 12    XL:     10   Next: 30%
Magic:  10/23      EV: 16    Int: 26    God:    Vehumet [*.....]
Gold:   351        SH:  0    Dex: 10    Spells: 17/28 levels left

rFire   . . .      SeeInvis .   d - +1 whip (venom)
rCold   . . .      Faith    .   (no shield)
rNeg    + . .      Spirit   .   a - +0 robe
rPois   ∞          Reflect  .   A - +1 helmet
rElec   +          Harm     .   (no cloak)
rCorr   .          Rampage  .   b - +1 pair of gloves
Will    .....                   (no boots)
Stlth   ++........              (no amulet)
HPRegen 0.17/turn               w - +6 ring of intelligence
MPRegen 0.18/turn               n - +4 ring of evasion

@: no status effects
A: sickness immunity, AC +7, negative energy resistance 1, electricity
resistance, torment resistance 1, petrification resistance
a: Renounce Religion


You were on level 10 of the Dungeon.
You worshipped Vehumet.
Vehumet was aware of your devotion.
You visited 2 branches of the dungeon, and saw 9 of its levels.
You also visited: Ossuary.

You collected 351 gold pieces.

Inventory:

Hand Weapons
 c - a +0 flail
 d - a +1 whip of venom (weapon)
Missiles
 h - 286 stones
 D - a throwing net
Armour
 a - a +0 robe (worn)
 b - a +1 pair of gloves (worn)
 l - an orb of wrath
 A - a +1 helmet (worn)
 C - a +0 buckler
Magical Staves
 e - a staff of earth
Jewellery
 k - a ring of ice
 n - a +4 ring of evasion (right hand)
 w - a +6 ring of intelligence (left hand)
Wands
 v - a wand of acid (7)
 x - a wand of iceblast (10)
 y - a wand of charming (12)
 I - a wand of mindburst (8)
Scrolls
 i - 2 scrolls of identify
 o - a scroll of blinking
 r - 2 scrolls of teleportation
 t - 2 scrolls of fear
 B - 2 scrolls of fog
 F - a scroll of noise {unknown}
 G - a scroll of enchant weapon
Potions
 f - 3 potions of curing
 g - 2 potions of attraction
 j - a potion of haste
 m - a potion of cancellation
 p - a potion of resistance
 q - 2 potions of magic
 s - a potion of brilliance
 u - a potion of mutation
 z - a potion of invisibility
 E - a potion of degeneration {unknown}
 H - a potion of flight {unknown}


   Skills:
 + Level 0.8 Fighting
 + Level 0.6 Maces & Flails
 + Level 2.7 Dodging
 - Level 2.1 Stealth
 * Level 9.5 Spellcasting
 * Level 5.9 Conjurations
 * Level 9.2 Fire Magic


You had 17 spell levels left.
You knew the following spells:

 Your Spells              Type           Power      Damage    Failure   Level
a - Foxfire               Conj/Fire      100%       2x1d9     1%          1
b - Scorch                Fire           100%       2d10      1%          2
c - Conjure Flame         Conj/Fire      51%        6-21      1%          3
d - Flame Wave            Conj/Fire      51%        2d10      2%          4
e - Shock                 Conj/Air       100%       1d9       1%          1

Your spell library contained the following spells:

 Spells                   Type           Power      Damage    Failure   Level
 Inner Flame              Hex/Fire       36%        N/A       2%          3
 Sting                    Tmut/Pois      48%        1d5       4%          1
 Poisonous Vapours        Pois/Air       24%        N/A       8%          2
 Olgreb's Toxic Radiance  Pois           12%        N/A       43%         4


Dungeon Overview and Level Annotations

Branches:
Dungeon (7/15)             Temple (1/1) D:5         Ossuary (visited)

Altars:
Ashenzari
Cheibriados
Dithmenos
Elyvilon
Fedhas
Gozag
Hepliaklqana
Kikubaaqudgha
Makhleb
Nemelex Xobeh
Okawaru
Qazlal
Ru
Sif Muna
Trog
Uskayaw
Vehumet
Wu Jian
Xom
Yredelemnul
Zin
The Shining One

Shops:
D:4 :   D:5 [

Annotations:
D:7 1 runed translucent door, Crownlay's ghost, novice GrEE
D:10 1 runed translucent door


Innate Abilities, Weirdness & Mutations

You are immune to sickness and miasma.
Your stone body is resilient. (AC +7)
You are immune to poison.
You resist negative energy. (rN+)
You are resistant to electric shocks. (rElec)
You are resistant to unholy torment.
You are immune to petrification.


Message History

You kill the yak!
Vehumet accepts your kill.
The flame wave engulfs the yak!
The yak is almost dead.
The flame wave engulfs the yak!
The yak is heavily wounded.
You finish channelling waves of flame.
The yak misses you.
Unknown command.
You hit the yak but do no damage.
The yak is poisoned.
The yak is almost dead.
The yak gores you. The yak barely misses you.
You kill the yak!
Vehumet accepts your kill. The yak gores you but does no damage.
Casting: Flame Wave (dangerous; 2% risk of failure)
Confirm with . or Enter, or press ? or * to list all spells.
You conjure some foxfire!
The yak gores you!
* * * LOW HITPOINT WARNING * * *
Casting: Foxfire (safe; 1% risk of failure)
Confirm with . or Enter, or press ? or * to list all spells.
You conjure some foxfire!
The foxfire hits the yak.
The yak is heavily wounded.
The foxfire hits the yak!
The yak is severely wounded.
The yak barely misses you. The yak completely misses you.
The foxfire hits the yak.
The yak is almost dead.
The foxfire hits the yak.
The yak is almost dead.
The yak closely misses you.
Found a stone staircase leading up.
Found 11 gold pieces.
The yak barely misses you.
There is a stone staircase leading up here.
Okay, then.
You completely miss the yak. The yak gores you!
* * * LOW HITPOINT WARNING * * *
The yak gores you.
You die...

oTy#.............................
9lg#...............###...........
Zoc#.............................
####.............................
.....................###.........
.................................
......##.#.###....##.............
......#.....#...YY###............
#...#.@...#........####
##..#............... #.
#........... . .......... .#
##.....#$.# .........# ..#.......
#.. ......


You could see 2 yaks.

Vanquished Creatures
  Grinder (D:6)
  A hornet (D:7)
  2 shadows (D:10)
  A wraith (Ossuary)
  2 yaks (D:10)
  Eustachio (D:6)
  Menkaure (D:6)
  2 water moccasins
  A necrophage (D:7)
  2 orc warriors
  3 sky beasts
  An ice beast (D:6)
  4 ogres (D:6)
  A phantom (D:5)
  A bullfrog (D:6)
  3 scorpions (D:4)
  A wyvern skeleton (D:6)
  4 killer bees (D:10)
  A howler monkey (D:5)
  A bullfrog zombie (D:6)
  5 hounds
  2 gnoll shamans
  2 orc priests
  2 jellies (D:4)
  2 iguanas
  A bullfrog skeleton (D:4)
  2 centaur skeletons
  7 orc wizards
  A killer bee zombie (D:7)
  3 mummies (Ossuary)
  A hound zombie (D:5)
  A hound skeleton (D:4)
  A howler monkey skeleton (D:7)
  4 adders
  9 gnolls
  A white imp (D:7)
  An ufetubus (D:5)
  4 worms
  4 dart slugs
  15 orcs
  11 ball pythons
  10 endoplasms
  6 giant cockroaches
  10 goblins
  7 hobgoblins
  2 jackals (D:2)
  5 quokkas
  8 bats
  A frilled lizard (D:2)
  A gnoll zombie (Ossuary)
  4 goblin zombies (Ossuary)
  3 hobgoblin zombies (Ossuary)
  14 kobolds
  5 kobold zombies (Ossuary)
  3 rats
192 creatures vanquished.

Vanquished Creatures (others)
  742 foxfires
742 creatures vanquished.

Grand Total: 934 creatures vanquished

Notes
Turn   | Place    | Note
-------+----------+-------------------------------------------
     0 | D:1      | funkygono the Gargoyle Fire Elementalist began the quest
                  | for the Orb.
     0 | D:1      | Reached XP level 1. HP: 10/10 MP: 3/3
   113 | D:1      | Reached XP level 2. HP: 15/15 MP: 3/5
   267 | D:1      | Learned a level 2 spell: Scorch
   693 | D:1      | Reached XP level 3. HP: 19/19 MP: 4/6
   697 | D:1      | Learned a level 3 spell: Conjure Flame
  1680 | D:2      | Reached XP level 4. HP: 24/24 MP: 4/8
  1776 | D:2      | Found a faded altar of an unknown god.
  3038 | D:3      | Reached XP level 5. HP: 28/28 MP: 5/10
  3098 | D:3      | Learned a level 4 spell: Flame Wave
  3318 | D:3      | Found a burning altar of Makhleb.
  3318 | D:3      | Noticed a cacodemon
  3596 | D:4      | Found Tuynn's Book Emporium.
  3689 | D:4      | Reached XP level 6. HP: 23/32 MP: 1/11
  3883 | D:4      | Reached skill level 5 in Fire Magic
  3962 | D:4      | Found a sand-covered staircase.
  3971 | Ossuary  | Entered an ossuary
  3971 | Ossuary  | Noticed a wraith
  3971 | Ossuary  | Noticed a wraith
  3971 | Ossuary  | Noticed a wraith
  4209 | Ossuary  | Noticed a wraith
  4223 | Ossuary  | Killed a wraith
  4224 | Ossuary  | Reached XP level 7. HP: 13/36 MP: 1/14
  5047 | D:4      | Reached skill level 5 in Spellcasting
  6115 | D:4      | Found a glowing silver altar of Zin.
  6228 | D:4      | Reached XP level 8. HP: 42/42 MP: 9/16
  6986 | D:5      | Entered Level 5 of the Dungeon
  7208 | D:5      | Found a sacrificial altar of Ru.
  7208 | D:5      | Found a stormy altar of Qazlal.
  7468 | D:5      | Found a staircase to the Ecumenical Temple.
  7477 | Temple   | Entered the Ecumenical Temple
  7499 | Temple   | Became a worshipper of Vehumet
  7848 | D:5      | Found Otsobilyi's Antique Armour Shop.
  8387 | D:6      | Reached XP level 9. HP: 45/46 MP: 9/19
  8904 | D:6      | Noticed Eustachio
  8911 | D:6      | Killed Eustachio
  8912 | D:6      | Reached skill level 5 in Conjurations
  8912 | D:6      | Noticed Grinder
  8920 | D:6      | Killed Grinder
  9037 | D:6      | Noticed Menkaure
  9042 | D:6      | Killed Menkaure
  9042 | D:6      | Reached * piety under Vehumet
  9042 | D:6      | Offered knowledge of Shock by Vehumet.
  9161 | D:6      | Learned a level 1 spell: Shock
  9541 | D:6      | Found a shimmering blue altar of Sif Muna.
  9740 | D:7      | Found a bloodstained altar of Trog.
  9913 | D:7      | Found a shadowy altar of Dithmenos.
 10202 | D:7      | Found a white marble altar of Elyvilon.
 10248 | D:7      | Noticed a hornet
 10258 | D:7      | Killed a hornet
 10259 | D:7      | Reached XP level 10. HP: 37/51 MP: 9/22
 10354 | D:7      | Noticed Crownlay's ghost (novice GrEE)
 10361 | D:7      | Found a runed translucent door.
 10383 | D:7      | You fall into a shaft and drop 3 floors!
 10383 | D:10     | Entered Level 10 of the Dungeon
 10383 | D:10     | Noticed a gargoyle
 10383 | D:10     | Found a runed translucent door.
 10552 | D:10     | Slain by a yak

Illustrated notes

Levels and vault maps discovered:
D:1:      dpeg_arrival_tiny_a, layout_basic, hangedman_decor_opposing,
          minmay_misc_feat_tiny
D:2:      minmay_chambers_of_twos, layout_loops_ring,
          hellmonk_ecumenical_altar_inner_sanctum
D:3:      layout_loops_ring, makhleb_altar_promises_db
D:4:      kennysheep_spiral_hall, layout_layer_cave, lemuel_doored_altar,
          nicolae_ossuary_entry_ruins, nicolae_inconvenience_store,
          minmay_divided_ellipse
D:5:      layout_basic, mainiacjoe_overflow_divided_tiny,
          minmay_temple_entry_glass, serial_shops, shop
D:6:      layout_loops_ring, led_sif_pool, uniq_eustachio, uniq_menkaure,
          uniq_grinder
D:7:      layout_basic, old_standard_altar, trog_hazing_becter,
          mainiacjoe_overflow_tiny_flanked, hellmonk_ghost_happy_afterlife,
          minmay_a_box_with_orc_wizards_in_it
D:10:     layout_rooms, minmay_st_funbox, minivault_21, grunt_decor_resistance,
          grunt_decor_clamped, uniq_maggie
Temple:   eino_narrow_crystal_temple

Skill      XL: |  1  2  3  4  5  6  7  8  9 10 |
---------------+-------------------------------+-----
Fire Magic     | 4 5 6 7 8 9 |  9.2
Spellcasting   | 3 4 5 7 8 9 |  9.5
Conjurations   | 2 3 4 5 |  5.9
Dodging        | 2 |  2.7
Fighting       | |  0.8
Maces & Flails | |  0.6
Stealth        | |  2.1

Action                   |  1- 3 |  4- 6 |  7- 9 | 10-12 || total
-------------------------+-------+-------+-------+-------++-------
Melee: Unarmed           |     9 |       |       |       ||     9
       Punch             |     1 |       |     1 |       ||     2
       Flail             |     2 |       |       |       ||     2
       Whip              |       |     9 |    35 |     3 ||    47
 Cast: Foxfire           |    45 |   108 |   257 |    21 ||   431
       Scorch            |     9 |    17 |    55 |     2 ||    83
       Flame Wave        |       |       |       |     3 ||     3
  Use: Scroll            |     4 |     1 |    17 |       ||    22
       Potion            |       |       |     3 |       ||     3
Armor: Robe              |    11 |    12 |    33 |     5 ||    61
Dodge: Dodged            |    16 |    22 |    66 |    14 ||   118

Table legend: (Time is in decaauts)
 A = Elapsed time spent in this place.
 B = Non-inter-level travel time spent in this place.
 C = Inter-level travel time spent in this place.
 D = Time resting spent in this place.
 E = Time spent auto-exploring this place.
 F = Levels seen in this place.
 G = Mean time per level.
                   A        B        C        D        E       F      G
               +--------+--------+--------+--------+--------+-----+--------+
         Total |  10564 |  10313 |    251 |    380 |   8195 |  10 | 1056.4 |
       Dungeon |   9411 |   9171 |    240 |    340 |   7256 |   8 | 1176.4 |
        Temple |    150 |    140 |     10 |      0 |    129 |   1 |  150.0 |
       Ossuary |   1002 |   1002 |      0 |     40 |    810 |   1 | 1002.0 |
               +--------+--------+--------+--------+--------+-----+--------+

Top non-repeatable levels by time:
     D:4: 2595 daAuts
     D:2: 1479 daAuts
     D:6: 1466 daAuts
     D:1: 1160 daAuts
     D:5: 1048 daAuts
 Ossuary: 1002 daAuts
     D:3: 761 daAuts
     D:7: 731 daAuts
    D:10: 168 daAuts
  Temple: 150 daAuts
